[Event "Team 45 45 League T91"]
[Site "Internet Chess Club"]
[Date "2022.01.23"]
[Round "2"]
[White "smsxman"]
[Black "julesraider"]
[Result "1-0"]
[WhiteElo "1387"]
[BlackElo "1491"]
[Opening "Queen's pawn game"]
[ECO "A45"]
[Time "22:00:25"]
[PlyCount "147"]
[TimeControl "2700+45"]

1. d4 Nf6 2. Nc3 g6 3. Nf3 d5 4. g3 Bg7 5. Bg2 O-O 6. O-O b6 7. Bg5 Nbd7 8. Re1
Bb7 9. Ne5 h6 10. Nxd7 Qxd7 11. Bf4 Nh5 12. Be3 Rac8 13. a4 Rfd8 14. Nb5 a6 15.
Nc3 c5 16. dxc5 bxc5 17. Bd2 d4 18. Ne4 f5 19. Ba5 Re8 20. Nd2 Bxg2 21. Kxg2 f4
22. Nc4 Qd5+ 23. Kg1 Qxc4 24. Qd3 Qe6 25. b3 fxg3 26. fxg3 Kh7 27. Rad1 Rf8 28.
e4 c4 29. bxc4 Rxc4 30. c3 Rxa4 31. Bb4 a5 32. Bc5 dxc3 33. Qd5 Qxd5 34. exd5 c2
35. Rc1 Bd4+ 36. Bxd4 Rxd4 37. Rxe7+ Kg8 38. Rxc2 Rxd5 39. Rc6 Nf6 40. Rcc7 a4
41. Rg7+ Kh8 42. Rxg6 Nd7 43. Rxh6+ Kg7 44. Ra6 Rd4 45. Raa7 Rf7 46. Kg2 Kg6 47.
h4 Kf5 48. Rc6 Ne5 49. Ra5 Rb7 50. Rh6 Rb2+ 51. Kh3 Re2 52. Rh5+ Kf6 53. Ra6+
Kg7 54. Rg5+ Kf7 55. Rf5+ Ke7 56. Rh5 Rdd2 57. Rh7+ Nf7 58. Ra7+ Ke6 59. Rhxf7
Rh2+ 60. Kg4 Rd4+ 61. Rf4 Rxf4+ 62. Kxf4 Ra2 63. h5 a3 64. g4 Ra1 65. Kg5 a2 66.
Ra4 Kf7 67. Rf4+ Kg7 68. Ra4 Kh7 69. Ra7+ Kg8 70. Kg6 Kf8 71. h6 Rg1 72. Rxa2
Rxg4+ 73. Kf6 Rh4 74. Ra8# {Black checkmated} 1-0

[Event "Team 45 45 League T91"]
[Site "Internet Chess Club"]
[Date "2022.01.23"]
[Round "2"]
[White "Andaluz"]
[Black "xingon"]
[Result "0-1"]
[WhiteElo "1275"]
[BlackElo "1377"]
[Opening "Sicilian: Najdorf, Opocensky variation"]
[ECO "B92"]
[Time "11:01:49"]
[PlyCount "58"]
[TimeControl "2700+45"]

1. e4 c5 2. Nf3 d6 3. Nc3 Nf6 4. d4 cxd4 5. Nxd4 a6 6. Be2 e5 7. Nb3 Be6 8. Be3
Be7 9. O-O O-O 10. Nd2 b5 11. a3 Nbd7 12. h3 Rc8 13. Rc1 Nb6 14. f4 Bc4 15. Kh1
Qc7 16. Bxb6 Qxb6 17. Bxc4 bxc4 18. fxe5 dxe5 19. Rb1 Rfd8 20. Qe2 Rd4 21. Nf3
Rd7 22. Nxe5 Rdc7 23. Nf3 Re8 24. e5 Bd6 25. Rfd1 Bxe5 26. Nxe5 Qc5 27. Qxc4
Qxe5 28. Qxa6 Rce7 29. Qf1 Nh5 {White forfeits on time} 0-1

[Event "Team 45 45 League T91"]
[Site "Internet Chess Club"]
[Date "2022.01.22"]
[Round "2"]
[White "burlap"]
[Black "oldbookseller"]
[Result "1-0"]
[WhiteElo "1151"]
[BlackElo "869"]
[Opening "Queen's pawn, Mason variation"]
[ECO "D00"]
[Time "09:00:44"]
[PlyCount "69"]
[TimeControl "2700+45"]

1. d4 d5 2. Bf4 Nf6 3. e3 e6 4. Bd3 Be7 5. Nd2 Nbd7 6. Ngf3 b6 7. Ne5 O-O 8. O-O
Bb7 9. h3 c5 10. c3 h6 11. Re1 Qc8 12. Qc2 Ba6 13. Bxa6 Qxa6 14. Nc6 Rfe8 15. b4
cxd4 16. cxd4 Rac8 17. b5 Qb7 18. Reb1 a6 19. Nxe7+ Rxe7 20. Qd3 e5 21. bxa6 Qc7
22. Bxe5 Nxe5 23. dxe5 Qxe5 24. a4 Rec7 25. a5 Rc1+ 26. Rxc1 Rxc1+ 27. Rxc1 g6
28. Rc8+ Kg7 29. a7 Qa1+ 30. Kh2 Qe5+ 31. g3 Ne4 32. a8=Q Nxf2 33. Rg8+ Kf6 34.
Qc6+ Kg5 35. Nf3+ {Black resigns} 1-0

[Event "Team 45 45 League T91"]
[Site "Internet Chess Club"]
[Date "2022.01.22"]
[Round "2"]
[White "gduranko"]
[Black "oldsj"]
[Result "1-0"]
[WhiteElo "1468"]
[BlackElo "1436"]
[Opening "Sicilian: closed"]
[ECO "B23"]
[Time "09:00:46"]
[PlyCount "87"]
[TimeControl "2700+45"]

1. e4 c5 2. Nc3 d6 3. f4 Nc6 4. Nf3 e6 5. Bb5 a6 6. Bxc6+ bxc6 7. d3 d5 8. e5
Rb8 9. O-O Nh6 10. Rb1 Nf5 11. Ne2 Be7 12. g4 Nd4 13. Nexd4 cxd4 14. Nxd4 Bb7
15. f5 Bc5 16. Be3 Qb6 17. c3 exf5 18. Rxf5 Bc8 19. Rf2 Qc7 20. Bf4 Be6 21. Kg2
Qd7 22. h3 O-O 23. Rf1 Be7 24. Nxe6 fxe6 25. d4 Rf7 26. Qd2 Rbf8 27. g5 g6 28.
h4 Rf5 29. Rf2 Bd8 30. b4 Qf7 31. Rbf1 Be7 32. Kg3 Bd8 33. Rh1 Be7 34. Kg4 Bd8
35. h5 gxh5+ 36. Rxh5 Qg7 37. Kh3 Bxg5 38. Rxg5 Rxg5 39. Bxg5 Rxf2 40. Qxf2 Qxg5
41. Qg3 Qxg3+ 42. Kxg3 Kg7 43. Kg4 Kg6 44. a3 {Black forfeits on time} 1-0

[Event "Team 45 45 League T91"]
[Site "Internet Chess Club"]
[Date "2022.01.21"]
[Round "2"]
[White "jcule"]
[Black "chesskix"]
[Result "1/2-1/2"]
[WhiteElo "1382"]
[BlackElo "1401"]
[Opening "Queen's pawn game, Darooha variation "]
[ECO "D02"]
[Time "15:00:41"]
[PlyCount "81"]
[TimeControl "2700+45"]

1. d4 d5 2. Nf3 Nf6 3. g3 c6 4. Bg2 g6 5. O-O Bg7 6. b3 O-O 7. Bb2 Nbd7 8. Nbd2
Nb6 9. Rb1 Bf5 10. Ne5 Nfd7 11. Ndf3 Be4 12. Nxd7 Nxd7 13. Ne5 Bxg2 14. Kxg2
Nxe5 15. dxe5 e6 16. Qd4 b6 17. b4 Rc8 18. Ba3 f5 19. f4 Rf7 20. Rfd1 Bf8 21. c4
c5 22. Qd2 Rd7 23. Kf1 d4 24. b5 Qc7 25. Rb3 Rcd8 26. Rd3 Qb7 27. Kf2 h5 28. h4
Be7 29. e3 Kf7 30. Bb2 dxe3+ 31. Qxe3 Rxd3 32. Rxd3 Rxd3 33. Qxd3 Ke8 34. Qf3
Qxf3+ 35. Kxf3 Kf7 36. a4 Ke8 37. Bc3 Kf7 38. a5 Ke8 39. axb6 axb6 40. Bd2 Kf7
41. Bc1 {Game drawn by mutual agreement} 1/2-1/2

[Event "Team 45 45 League T91"]
[Site "Internet Chess Club"]
[Date "2022.01.22"]
[Round "2"]
[White "blind-warrior"]
[Black "BrerRabbit"]
[Result "0-1"]
[WhiteElo "1391"]
[BlackElo "1379"]
[Opening "Queen's pawn game"]
[ECO "D02"]
[Time "19:03:35"]
[PlyCount "90"]
[TimeControl "2700+45"]

1. d4 d5 2. Nf3 c6 3. Bf4 Qb6 4. Qc1 Bf5 5. Nbd2 h6 6. g3 Nf6 7. Bg2 e6 8. a3
Nbd7 9. O-O Nh5 10. Be3 Bd6 11. c3 O-O 12. Ne5 Qc7 13. Nxd7 Qxd7 14. Nf3 Qc7 15.
Ne5 Bxe5 16. dxe5 Qxe5 17. f4 Qc7 18. b4 Nf6 19. h3 Be4 20. Rf2 Bxg2 21. Rxg2
Ne4 22. Kh2 Rfc8 23. Bd4 c5 24. bxc5 Nxc5 25. Qe3 Nb3 26. Rd1 Nxd4 27. cxd4 Qc3
28. Rd3 Qc1 29. Qf3 Rc4 30. Rg1 Qb2 31. Qe3 Rac8 32. Rgd1 Rc3 33. Kg2 Qxa3 34.
Kf3 Rxd3 35. Rxd3 Qc1 36. Qxc1 Rxc1 37. Kf2 Kf8 38. g4 Ke7 39. f5 Rc6 40. Re3
Kd7 41. Re5 exf5 42. Rxf5 Rf6 43. Ke3 Rxf5 44. gxf5 f6 45. Kf4 a5 {White
resigns} 0-1

[Event "Team 45 45 League T91"]
[Site "Internet Chess Club"]
[Date "2022.01.24"]
[Round "2"]
[White "stantheman59"]
[Black "tamky70"]
[Result "0-1"]
[WhiteElo "1173"]
[BlackElo "1273"]
[Opening "Robatsch (modern) defense"]
[ECO "B06"]
[Time "16:02:27"]
[PlyCount "96"]
[TimeControl "2700+45"]

1. e4 g6 2. d4 Bg7 3. g3 d6 4. Bg2 c6 5. Ne2 Nf6 6. Nbc3 O-O 7. O-O Nbd7 8. Be3
e6 9. d5 e5 10. Bg5 c5 11. b3 a6 12. a4 Nb6 13. a5 Nbd7 14. Na4 b5 15. axb6 Nxb6
16. Nxb6 Qxb6 17. Nc3 Qc7 18. Nb5 Qd7 19. Nc3 Bb7 20. Na4 Qc7 21. c4 h6 22. Bd2
a5 23. Qc1 Kh7 24. Re1 Ng8 25. Re3 Nf6 26. Bh3 Bc8 27. Bxc8 Raxc8 28. Qd1 Qd7
29. g4 Nxg4 30. Rg3 Nf6 31. Nb6 Qd8 32. Nxc8 Qxc8 33. f3 Nh5 34. Rg4 Nf6 35. Rg2
Nh5 36. Rg4 Nf4 37. Bxf4 exf4 38. Rxa5 Bd4+ 39. Kg2 Be5 40. Ra2 h5 41. Rh4 Qb7
42. Kh1 Ra8 43. Rxa8 Qxa8 44. Qb1 Qa3 45. Kg2 Qb4 46. Qd1 Qc3 47. Kh3 Kh6 48.
Qb1 Qxf3# {White checkmated} 0-1

[Event "Team 45 45 League T91"]
[Site "Internet Chess Club"]
[Date "2022.01.21"]
[Round "2"]
[White "Redman1"]
[Black "filmdirector"]
[Result "1/2-1/2"]
[WhiteElo "1501"]
[BlackElo "1449"]
[Opening "Queen's pawn game, Chigorin variation"]
[ECO "A04"]
[Time "14:00:41"]
[PlyCount "83"]
[TimeControl "2700+45"]

1. Nf3 Nc6 2. d4 d5 3. c4 e6 4. Nc3 Nf6 5. Bg5 Be7 6. e3 h6 7. Bh4 a6 8. Rc1 b6
9. cxd5 Nxd5 10. Bxe7 Ncxe7 11. e4 Nf6 12. Bd3 Bb7 13. O-O Rc8 14. Qe2 b5 15.
Rfd1 O-O 16. e5 Nfd5 17. Ne4 Ng6 18. g3 Ba8 19. a3 f5 20. exf6 Nxf6 21. Nc5 Qe8
22. Ne5 Nxe5 23. Qxe5 Bd5 24. Be2 Nd7 25. Qe3 Nxc5 26. dxc5 Qf7 27. Bg4 Qg6 28.
Rxd5 Qxg4 29. Rd3 Rf7 30. Re1 Re8 31. f4 h5 32. Kg2 h4 33. h3 Qxg3+ 34. Qxg3
hxg3 35. Kxg3 Rf6 36. Rd7 Rf7 37. Red1 Ree7 38. Rxe7 Rxe7 39. Rd8+ Kf7 40. Ra8
e5 41. fxe5 Rxe5 42. Rxa6 {Game drawn by mutual agreement} 1/2-1/2

[Event "Team 45 45 League T91"]
[Site "Internet Chess Club"]
[Date "2022.01.21"]
[Round "2"]
[White "liujf"]
[Black "Constrictor"]
[Result "1-0"]
[WhiteElo "1584"]
[BlackElo "1493"]
[Opening "Dutch"]
[ECO "A80"]
[Time "20:18:43"]
[PlyCount "37"]
[TimeControl "2700+45"]

1. d4 f5 2. Bf4 Nf6 3. e3 e6 4. Nd2 b6 5. Ngf3 Be7 6. c4 O-O 7. Bd3 d6 8. Qc2
Bb7 9. O-O-O Nbd7 10. Ng5 Qc8 11. Nxe6 Rf7 12. Ng5 Ng4 13. Nxf7 Nxf2 14. Ng5
Nxh1 15. Rxh1 g6 16. Ndf3 Nb8 17. e4 fxe4 18. Bxe4 Na6 19. Bxg6 {Black resigns}
1-0

[Event "Team 45 45 League T91"]
[Site "Internet Chess Club"]
[Date "2022.01.21"]
[Round "2"]
[White "blind-warrior"]
[Black "BrerRabbit"]
[Result "0-1"]
[WhiteElo "1393"]
[BlackElo "1361"]
[Opening "Queen's pawn game"]
[ECO "D02"]
[Time "19:04:03"]
[PlyCount "144"]
[TimeControl "2700+45"]

1. d4 d5 2. Nf3 c6 3. c3 Nf6 4. Bf4 Qb6 5. Qc1 Bf5 6. Nbd2 h6 7. h3 Nbd7 8. Ne5
Nxe5 9. dxe5 Nd7 10. Nf3 e6 11. e3 Be7 12. Qd2 O-O 13. Bd3 Bxd3 14. Qxd3 Nc5 15.
Qe2 Na4 16. O-O Nc5 17. Nd4 Nd7 18. b4 a6 19. Qg4 Kh7 20. Qe2 Rac8 21. e4 Qc7
22. exd5 cxd5 23. Qd3+ Kh8 24. Rac1 Qc4 25. Qd2 Qc7 26. Rfe1 Nb6 27. Qe2 Qd8 28.
Nf3 Nc4 29. Red1 Qb6 30. Nd4 Rc7 31. Be3 Nxe3 32. fxe3 Rc4 33. Nb3 Rfc8 34. Rd3
Bxb4 35. Qd2 Be7 36. Kf2 Qc7 37. Rd4 Qxe5 38. g3 Qc7 39. Ke2 Bf6 40. Rxc4 Qxc4+
41. Qd3 Qxd3+ 42. Kxd3 Kg8 43. g4 Kf8 44. Nd4 Bxd4 45. exd4 Ke7 46. Rb1 Rc7 47.
a4 Kd7 48. a5 Ke7 49. Rb6 Kf6 50. Rb4 Kg5 51. Rb2 Kf4 52. Re2 Kg5 53. Re5+ Kf6
54. h4 Rc4 55. g5+ hxg5 56. Rxg5 Ra4 57. Rg2 Rxa5 58. Rf2+ Ke7 59. Rb2 Rb5 60.
Rxb5 axb5 61. Ke3 f6 62. Kf4 g6 63. Kg4 Kd6 64. Kf4 Kc6 65. Kg4 Kb6 66. h5 gxh5+
67. Kxh5 f5 68. Kg5 Ka5 69. Kf4 Ka4 70. Ke5 Kb3 71. Kxe6 f4 72. Kxd5 f3 {White
resigns} 0-1

[Event "Team 45 45 League T91"]
[Site "Internet Chess Club"]
[Date "2022.01.22"]
[Round "2"]
[White "QuieroAprender"]
[Black "Timmah4651"]
[Result "0-1"]
[WhiteElo "1663"]
[BlackElo "1613"]
[Opening "French: Labourdonnais variation"]
[ECO "C00"]
[Time "21:21:53"]
[PlyCount "90"]
[TimeControl "2700+45"]

1. e4 e6 2. f4 d5 3. e5 c5 4. Nf3 Nc6 5. Bd3 c4 6. Be2 Bc5 7. d4 cxd3 8. Bxd3 f5
9. a3 a5 10. Nc3 Na7 11. Qe2 Bd7 12. Be3 Qb6 13. Bxc5 Qxc5 14. Ng5 g6 15. h4 Nh6
16. h5 Ke7 17. O-O-O Ng4 18. hxg6 hxg6 19. Kb1 b5 20. Rh7+ Rxh7 21. Nxh7 Rh8 22.
Nf6 Nxf6 23. exf6+ Kf7 24. g4 b4 25. gxf5 gxf5 26. axb4 axb4 27. Na2 Rg8 28.
Qh5+ Kxf6 29. Qh6+ Kf7 30. Rh1 Rg1+ 31. Rxg1 Qxg1+ 32. Nc1 Nc8 33. Be2 Nb6 34.
Bh5+ Ke7 35. Qh7+ Kd6 36. Qh8 Kc6 37. b3 Qe1 38. Be8 Bxe8 39. Qxe8+ Nd7 40. Kb2
Qc3+ 41. Kb1 Qe1 42. Qc8+ Kd6 43. Kb2 Qe4 44. Nd3 Qd4+ 45. Kc1 Qc3 {White
forfeits on time} 0-1

[Event "Team 45 45 League T91"]
[Site "Internet Chess Club"]
[Date "2022.01.23"]
[Round "2"]
[White "Grenadier"]
[Black "mongmong"]
[Result "0-1"]
[WhiteElo "1500"]
[BlackElo "1527"]
[Opening "French: advance, Milner-Barry gambit"]
[ECO "C02"]
[Time "10:04:18"]
[PlyCount "80"]
[TimeControl "2700+45"]

1. e4 e6 2. d4 d5 3. e5 c5 4. c3 Nc6 5. Nf3 Qb6 6. Bd3 cxd4 7. cxd4 Bd7 8. O-O
Nxd4 9. Nxd4 Qxd4 10. Nc3 a6 11. Qe2 Ne7 12. Rd1 Nc6 13. Bxa6 Qxe5 14. Bxb7 Qxe2
15. Nxe2 Rb8 16. Ba6 Bd6 17. Nc3 Na7 18. Be3 Nb5 19. Nxb5 Bxb5 20. Bxb5+ Rxb5
21. Rab1 Kd7 22. Rdc1 Rc8 23. Rxc8 Kxc8 24. a3 Rb3 25. Rc1+ Kb7 26. Rc2 e5 27.
Kf1 d4 28. Bc1 f5 29. f3 e4 30. fxe4 fxe4 31. Rc4 Rd3 32. g3 Be5 33. Ke2 Rb3 34.
Rc5 Bf6 35. Kd1 Rb6 36. Ke2 Rc6 37. Rb5+ Ka6 38. Rb8 Rxc1 39. b4 d3+ 40. Kd2
Bg5# {White checkmated} 0-1

[Event "Team 45 45 League T91"]
[Site "Internet Chess Club"]
[Date "2022.01.22"]
[Round "2"]
[White "julesraider"]
[Black "GoIrish"]
[Result "0-1"]
[WhiteElo "1513"]
[BlackElo "1536"]
[Opening "King's Indian: orthodox, 7...Nbd7"]
[ECO "E94"]
[Time "12:01:41"]
[PlyCount "110"]
[TimeControl "2700+45"]

1. d4 Nf6 2. c4 g6 3. Nc3 Bg7 4. e4 d6 5. Nf3 O-O 6. Be2 Nbd7 7. O-O e5 8. d5 c5
9. dxc6 Nc5 10. Qc2 bxc6 11. b4 Nb7 12. Rd1 Qe7 13. Ba3 Rd8 14. Qa4 Bd7 15. Qa6
Be8 16. Rd3 Qc7 17. Rad1 Qb6 18. Qa4 c5 19. b5 a6 20. Nd5 Nxd5 21. Rxd5 axb5 22.
Qb3 b4 23. Bc1 Bc6 24. R5d2 Ba4 25. Qd3 Bxd1 26. Bxd1 Bh6 27. Rc2 Bxc1 28. Rxc1
Rxa2 29. h4 Ra3 30. Qd5 Qc7 31. h5 Qe7 32. hxg6 hxg6 33. Qd2 Qf6 34. Qh6 Qg7 35.
Qd2 Rda8 36. Nh2 Ra2 37. Qd5 Qf6 38. Ng4 Qe7 39. g3 Kg7 40. Kg2 Nd8 41. Bb3 R2a3
42. Rh1 Qe6 43. Qd2 Qxg4 44. Qh6+ Kf6 45. Rh4 Qg5 46. Qh8+ Ke7 47. Bd1 Qf6 48.
Qh7 Ne6 49. Qh6 Ra2 50. Qe3 R8a3 51. Qe1 Nf4+ 52. Kg1 Nd3 53. Qe3 Qxf2+ 54. Qxf2
Rxf2 55. Rh8 Ra1 {White resigns} 0-1

[Event "Team 45 45 League T91"]
[Site "Internet Chess Club"]
[Date "2022.01.24"]
[Round "2"]
[White "seattleblues"]
[Black "Andressa"]
[Result "0-1"]
[WhiteElo "1280"]
[BlackElo "1321"]
[Opening "QGD: Ragozin variation"]
[ECO "D38"]
[Time "21:25:25"]
[PlyCount "80"]
[TimeControl "2700+45"]

1. d4 d5 2. Nf3 Nf6 3. c4 e6 4. Nc3 Bb4 5. a3 Bxc3+ 6. bxc3 O-O 7. cxd5 Nxd5 8.
Bb2 Nd7 9. e3 c5 10. c4 N5f6 11. Bd3 cxd4 12. exd4 Qa5+ 13. Nd2 Qb6 14. Qc2 g6
15. O-O Re8 16. c5 Qc7 17. Nc4 Nd5 18. Nd6 Rf8 19. Bc1 N7f6 20. Re1 b6 21. Nb5
Qc6 22. a4 Nb4 23. Qe2 Nxd3 24. Qxd3 Bb7 25. f3 bxc5 26. dxc5 Rfd8 27. Qc3 Nd5
28. Qb2 Qxc5+ 29. Kh1 a6 30. Bh6 f6 31. Rac1 Qe7 32. Nd4 e5 33. Nc6 Bxc6 34.
Rxc6 Qd7 35. Rec1 Rac8 36. Rxa6 Rxc1+ 37. Qxc1 Nb4 38. h3 Qd1+ 39. Qxd1 Rxd1+
40. Kh2 Nxa6 {White resigns} 0-1

[Event "Team 45 45 League T91"]
[Site "Internet Chess Club"]
[Date "2022.01.24"]
[Round "2"]
[White "Kingofknights"]
[Black "marioseixas1992"]
[Result "1/2-1/2"]
[WhiteElo "1550"]
[BlackElo "1502"]
[Opening "King's Indian: Sämisch, 5...O-O"]
[ECO "E81"]
[Time "12:00:26"]
[PlyCount "28"]
[TimeControl "2700+45"]

1. d4 Nf6 2. c4 g6 3. f3 Bg7 4. e4 d6 5. Nc3 O-O 6. Bg5 c5 7. d5 Nbd7 8. Nh3 e5
9. dxe6 Ne5 10. e7 Qxe7 11. Nd5 Qd8 12. Nf2 Qa5+ 13. Bd2 Qd8 14. Bg5 Qa5+ {Game
drawn by mutual agreement} 1/2-1/2

[Event "Team 45 45 League T91"]
[Site "Internet Chess Club"]
[Date "2022.01.23"]
[Round "2"]
[White "sdcohle"]
[Black "seattleblues"]
[Result "1-0"]
[WhiteElo "1334"]
[BlackElo "1295"]
[Opening "Caro-Kann: exchange variation"]
[ECO "B13"]
[Time "21:01:34"]
[PlyCount "57"]
[TimeControl "2700+45"]

1. e4 c6 2. d4 d5 3. exd5 cxd5 4. Bd3 Nc6 5. c3 Nf6 6. Nf3 Bg4 7. Be3 e6 8. Nbd2
Bd6 9. O-O O-O 10. h3 Bh5 11. Re1 Re8 12. Qc2 e5 13. dxe5 Nxe5 14. Nxe5 Bxe5 15.
Bg5 h6 16. Bh4 Qd6 17. Nf1 d4 18. Bg3 dxc3 19. Bxe5 Rxe5 20. bxc3 Rc5 21. Ng3
Rac8 22. Nxh5 Nxh5 23. Qd2 Nf4 24. Bh7+ Kxh7 25. Qxd6 Ne6 26. Qd3+ Kg8 27. Rac1
Nf4 28. Qf3 Ne6 29. Qxb7 {Black resigns} 1-0

[Event "Team 45 45 League T91"]
[Site "Internet Chess Club"]
[Date "2022.01.20"]
[Round "2"]
[White "olivermx"]
[Black "bardu"]
[Result "1-0"]
[WhiteElo "1338"]
[BlackElo "1265"]
[Opening "Ruy Lopez: closed, Breyer, Borisenko variation"]
[ECO "C95"]
[Time "23:22:56"]
[PlyCount "91"]
[TimeControl "2700+45"]

1. e4 e5 2. Nf3 Nc6 3. Bb5 a6 4. Ba4 Nf6 5. O-O Be7 6. Re1 b5 7. Bb3 d6 8. c3
O-O 9. h3 Nb8 10. d4 Nbd7 11. Nbd2 Bb7 12. Bc2 Re8 13. Nf1 Bf8 14. Ng3 g6 15.
Nh2 c5 16. d5 Bg7 17. f4 c4 18. f5 gxf5 19. Nxf5 Nf8 20. Ng4 Ng6 21. Rf1 Nxg4
22. Qxg4 Bc8 23. Qf3 Bxf5 24. Qxf5 Rf8 25. Qg4 Qh4 26. Qxh4 Nxh4 27. g3 Ng6 28.
Kg2 h5 29. h4 f6 30. Rf5 Ra7 31. Be3 Raf7 32. Raf1 Ne7 33. Rxh5 f5 34. exf5 Nxd5
35. Bg5 Nf6 36. Bxf6 Bxf6 37. g4 Rh7 38. Rxh7 Kxh7 39. g5 Bd8 40. f6+ Kg8 41.
Be4 Kf7 42. Kg3 Rh8 43. Bd5+ Kg6 44. Kg4 a5 45. Be4+ Kf7 46. g6+ {Black resigns}
1-0

[Event "Team 45 45 League T91"]
[Site "Internet Chess Club"]
[Date "2022.01.22"]
[Round "2"]
[White "nosir"]
[Black "Denis240964"]
[Result "0-1"]
[WhiteElo "1353"]
[BlackElo "1430"]
[Opening "Queen's pawn, Mason variation"]
[ECO "D00"]
[Time "09:00:43"]
[PlyCount "124"]
[TimeControl "2700+45"]

1. d4 d5 2. Bf4 Bf5 3. c3 Nf6 4. Nd2 Nc6 5. e3 e6 6. Ngf3 Ne4 7. Be2 g5 8. Bg3
Nxg3 9. hxg3 Bg7 10. Nh2 a6 11. Bh5 Qf6 12. Ng4 Bxg4 13. Qxg4 O-O-O 14. f4 h6
15. O-O-O Rdf8 16. Rdf1 Qe7 17. Nf3 f5 18. Qh3 g4 19. Bxg4 fxg4 20. Qxg4 Bf6 21.
Nh4 Qf7 22. f5 e5 23. Qe2 exd4 24. exd4 Bg5+ 25. Kb1 Re8 26. Qd1 Re3 27. Nf3 Rf8
28. g4 Qe7 29. a3 Qe4+ 30. Ka2 Qxg4 31. Nh4 Qxd1 32. Rxd1 Rg3 33. Rdf1 Rf6 34.
Rf2 Ne7 35. Re2 Nxf5 36. Nf3 Rf7 37. Rhe1 Re7 38. Re5 Rxe5 39. Rxe5 Ng7 40. Re2
c6 41. Kb1 Nf5 42. Ne1 Re3 43. Rxe3 Nxe3 44. b3 Kd7 45. a4 Ke6 46. a5 Bh4 47.
Nf3 Nxg2 48. Kc2 Bg3 49. Kd2 Kf5 50. Ke2 Kf4 51. Ne5 h5 52. Kf1 Ne3+ 53. Ke2 Ng4
54. Nf3 h4 55. Ng1 Bf2 56. Nh3+ Kg3 57. Ng5 h3 58. Nxh3 Kxh3 59. Kd3 Kg3 60. c4
Kf3 61. c5 Be1 62. Kc2 Bxa5 {White resigns} 0-1

[Event "Team 45 45 League T91"]
[Site "Internet Chess Club"]
[Date "2022.01.19"]
[Round "2"]
[White "Megasus"]
[Black "g8wrb"]
[Result "1-0"]
[WhiteElo "1534"]
[BlackElo "1249"]
[Opening "Queen's pawn game"]
[ECO "D04"]
[Time "15:15:58"]
[PlyCount "95"]
[TimeControl "2700+45"]

1. Nf3 d5 2. d4 Nf6 3. e3 Bf5 4. c3 e6 5. Qb3 b6 6. Ne5 Qd6 7. Qa4+ c6 8. Nd2
Be7 9. a3 O-O 10. b4 b5 11. Qb3 Nbd7 12. Ndf3 a5 13. Bb2 Ra7 14. Be2 Rfa8 15.
O-O Ne4 16. Bd3 Nd2 17. Nxd2 Bxd3 18. Nxd3 e5 19. Rfc1 a4 20. Qd1 e4 21. Nc5
Nxc5 22. dxc5 Qh6 23. Nf1 Bh4 24. g3 Bg5 25. Qg4 Re7 26. h4 Bf6 27. Nh2 Re6 28.
Qh3 Bd8 29. Rc2 Bc7 30. Ng4 Qh5 31. Rf1 Rg6 32. Nh2 Bd8 33. Kh1 Re6 34. Qg4 Qh6
35. Re2 Bc7 36. f3 Rae8 37. f4 Qg6 38. Rg2 f5 39. Qh3 h5 40. g4 hxg4 41. Nxg4
fxg4 42. Rxg4 Qf7 43. Rfg1 R8e7 44. c4 g6 45. h5 Qf5 46. Rxg6+ Rxg6 47. Qxf5
Rxg1+ 48. Kxg1 {Black resigns} 1-0

[Event "Team 45 45 League T91"]
[Site "Internet Chess Club"]
[Date "2022.01.20"]
[Round "2"]
[White "SeniorCitizen"]
[Black "gregorgg"]
[Result "0-1"]
[WhiteElo "1276"]
[BlackElo "1400"]
[Opening "Sicilian: accelerated fianchetto, modern variation"]
[ECO "B34"]
[Time "15:05:02"]
[PlyCount "92"]
[TimeControl "2700+45"]

1. e4 c5 2. Nf3 Nc6 3. d4 cxd4 4. Nxd4 g6 5. Nc3 Bg7 6. Nb3 Nf6 7. Be2 O-O 8.
O-O a6 9. Be3 b5 10. a3 Bb7 11. Nc5 Bc8 12. Qd2 d6 13. Nd3 Re8 14. h3 Bb7 15.
Bf3 Nd7 16. Rab1 Nde5 17. Nxe5 Nxe5 18. Be2 Rc8 19. f4 Nc4 20. Bxc4 Rxc4 21. f5
Bxe4 22. Nxe4 Rxe4 23. fxg6 hxg6 24. Qf2 Rf8 25. c3 Qd7 26. Rbd1 Qe6 27. Bd4 Re2
28. Qf3 Bxd4+ 29. cxd4 Qe3+ 30. Qxe3 Rxe3 31. Rd2 Re4 32. Rff2 Rc8 33. Rd3 Rc1+
34. Kh2 Rc4 35. Rfd2 Re1 36. Kg3 Rec1 37. Kf3 R1c2 38. Ke4 Rxd2 39. Rxd2 e6 40.
Kd3 f5 41. Rc2 Rxc2 42. Kxc2 Kf7 43. b4 e5 44. Kd3 e4+ 45. Ke3 Ke6 46. Kf4 Kd5
{White resigns} 0-1